Map: 死亡光环-天梯版

Players

JieShi

  • Race: Protoss Protoss
  • League: Master

Cyan - Winner!

  • Race: Protoss Protoss
  • League: Master

Event: DreamHack SC2 Masters 2020 Winter

VOD

Have the link to the VOD?

Description

Time

  • Played on: Oct. 31, 2020, 7:47 a.m.
  • Length: 15:33

All games in this series

Show
View Real Time Build Order
Export as new Build Order

JieShi Protoss 

Build Orders: Oracle Opening 

Get SALT Encoding   

  12  0:00  Probe  
  13  0:12  Probe  
  14  0:17  Pylon  
  14  0:24  Probe (Chrono Boost)  
  15  0:37  Gateway, Probe (Chrono Boost)  
  16  0:44  Probe (Chrono Boost)  
  16  0:47  Assimilator  
  17  0:51  Probe  
  17  0:54  Assimilator  
  18  1:03  Probe (Chrono Boost)  
  19  1:07  Gateway  
  19  1:12  Probe (Chrono Boost)  
  19  1:17  Probe (Chrono Boost)  
  20  1:24  Cybernetics Core  
  21  1:29  Probe  
  22  1:35  Pylon  
  22  1:41  Probe  
  23  1:53  Probe  
  24  2:00  Stalker x2  
  24  2:01  Warp Gate  
  28  2:10  Pylon  
  28  2:17  Shield Battery  
  28  2:28  Stargate  
  28  2:30  Adept  
  28  2:34  Adept  
  31  3:00  Nexus  
  31  3:04  Probe  
  32  3:10  Oracle (Chrono Boost)  
  35  3:15  Shield Battery  
  35  3:21  Probe  
  36  3:28  Pylon  
  36  3:34  Probe  
  37  3:43  Oracle (Chrono Boost)  
  37  3:46  Probe  
  41  3:58  Probe  
  40  4:05  Stalker  
  40  4:06  Twilight Council  
  42  4:10  Probe  
  42  4:13  Probe  
  42  4:14  Stalker  
  44  4:23  Probe (Chrono Boost)  
  45  4:25  Probe (Chrono Boost)  
  46  4:35  Probe (Chrono Boost)  
  46  4:36  Probe (Chrono Boost)  
  46  4:38  Stalker  
  47  4:40  Probe (Chrono Boost)  
  47  4:41  Probe (Chrono Boost)  
  49  4:49  Stalker, Probe  
  49  4:52  Probe  
  50  4:56  Blink (Chrono Boost)  
  50  5:05  Stalker  
  50  5:06  Probe  
  53  5:08  Probe  
  54  5:14  Shield Battery  
  54  5:18  Assimilator  
  54  5:19  Probe  
  54  5:21  Probe  
  56  5:28  Forge  
  56  5:33  Pylon  
  56  5:39  Nexus  
  56  5:42  Probe  
  56  5:44  Probe  
  56  5:46  Sentry  
  59  5:54  Pylon  
  59  5:57  Robotics Facility  
  59  6:04  Protoss Ground Weapons Level 1 (Chrono Boost)  
  59  6:06  Gateway x2  
  59  6:07  Probe x2  
  61  6:19  Pylon, Probe x2  
  61  6:20  Stalker  
  61  6:25  Stalker  
  67  6:31  Shield Battery, Probe x2  
  69  6:42  Gateway  
  69  6:43  Gateway  
  69  6:47  Gateway  
  69  6:48  Observer (Chrono Boost)  
  69  6:53  Gateway  
  70  6:56  Photon Cannon  
  70  6:57  Probe  
  70  6:58  Probe  
  70  7:00  Probe  
  73  7:08  Stalker  
  75  7:14  Probe x2  
  75  7:19  Warp Prism (Chrono Boost)  
  75  7:24  Probe  
  75  7:26  Probe  
  75  7:27  Probe  
  75  7:28  Stalker, Sentry x2  
  83  7:35  Photon Cannon  
  83  7:37  Photon Cannon  
  83  7:40  Pylon  
  83  7:42  Stalker  
  83  7:43  Stalker  
  87  7:44  Sentry  
  87  7:50  Adept x2  
  93  7:53  Probe  
  93  7:54  Probe x2  
  96  8:01  Protoss Ground Weapons Level 2 (Chrono Boost)  
  96  8:05  Pylon  
  96  8:07  Pylon  
  96  8:19  Stalker x2  
  100  8:20  Stalker  
  98  8:42  Stalker  
  98  8:43  Stalker x3  
  103  8:55  Probe  
  103  8:56  Probe x2  
  103  8:57  Charge  
  103  8:58  Assimilator  
  103  8:59  Stalker x3  
  103  9:00  Assimilator  
  103  9:02  Pylon  
  107  9:03  Pylon  
  107  9:04  Pylon  
  107  9:07  Stalker, Zealot x4  
  117  9:11  Pylon  
  117  9:12  Probe  
  117  9:13  Pylon, Probe  
  117  9:14  Pylon  
  119  9:22  Pylon  
  119  9:26  Stalker  
  119  9:27  Stalker  
  123  9:36  Stalker x2  
  123  9:37  Photon Cannon  
  123  9:38  Stalker  
  129  9:39  Observer  
  129  9:58  Protoss Ground Weapons Level 3 (Chrono Boost)  
  129  10:01  Stalker x4  
  129  10:05  Zealot x2  
  129  10:06  Stalker, Zealot  
  145  10:21  Warp Prism (Chrono Boost)  
  141  10:24  Robotics Bay  
  141  10:26  Nexus  
  143  10:36  Robotics Facility  
  139  10:48  Observer  
  138  10:55  Photon Cannon, Shield Battery  
  139  10:59  Pylon  
  139  11:00  Stalker x4  
  139  11:01  Stalker x3  
  153  11:14  Disruptor (Chrono Boost)  
  153  11:17  Photon Cannon  
  153  11:18  Shield Battery  
  156  11:21  Assimilator  
  154  11:26  Zealot x2  
  154  11:27  Stalker x2, Zealot  
  158  11:38  Disruptor (Chrono Boost)  
  151  11:41  Disruptor (Chrono Boost)  
  152  11:48  Probe (Chrono Boost)  
  152  11:50  Stalker x3  
  152  11:52  Probe (Chrono Boost)  
  152  11:53  Probe x2 (Chrono Boost)  
  152  11:58  Probe (Chrono Boost)  
  152  12:00  Stalker  
  152  12:01  Stalker x2  
  159  12:07  Assimilator  
  159  12:18  Disruptor  
  159  12:21  Zealot  
  159  12:22  Zealot x4  
  168  12:24  Zealot x3  
  174  12:43  Disruptor  
  150  12:52  Stalker x4  
  150  12:53  Stalker x2  
  150  12:54  Stalker x2  
  150  12:56  Probe  
  150  12:57  Disruptor  
  166  13:08  Probe  
  159  13:15  Stalker  
  159  13:18  Stalker x3, Disruptor  
  164  13:21  Probe x2  
  164  13:22  Probe  
  164  13:25  Stalker x2  
  167  13:29  Stalker  
  167  13:33  Disruptor  
  168  13:45  Zealot x4  
  176  13:54  Disruptor  
  151  13:57  Zealot x4  
  117  14:09  Zealot x4  
  88  14:27  Stalker  
  88  14:28  Stalker x3  
  88  14:29  Disruptor (Chrono Boost)  
  85  14:31  Disruptor (Chrono Boost)  
  91  14:41  Nexus  
  90  14:57  Stalker x2  
  90  14:58  Stalker  
  97  15:00  Observer (Chrono Boost)  
Show
View Real Time Build Order
Export as new Build Order

Cyan Protoss - Winner!

Build Orders: Oracle Opening, Phoenix Opening 

Get SALT Encoding   

  12  0:00  Probe  
  13  0:12  Probe  
  14  0:19  Pylon  
  14  0:24  Probe (Chrono Boost)  
  15  0:37  Probe (Chrono Boost)  
  15  0:38  Gateway  
  16  0:45  Assimilator, Probe (Chrono Boost)  
  17  0:51  Probe  
  17  0:55  Assimilator  
  18  1:03  Probe (Chrono Boost)  
  19  1:07  Gateway  
  19  1:13  Probe (Chrono Boost)  
  19  1:18  Probe (Chrono Boost)  
  20  1:25  Cybernetics Core  
  21  1:30  Probe  
  22  1:33  Pylon  
  22  1:42  Probe  
  24  1:54  Probe  
  24  2:02  Warp Gate (Chrono Boost), Adept x2  
  24  2:06  Pylon  
  28  2:25  Stargate  
  28  2:28  Probe  
  29  2:32  Adept x2  
  33  2:43  Probe  
  33  3:00  Nexus  
  33  3:11  Oracle (Chrono Boost)  
  34  3:22  Probe  
  34  3:26  Shield Battery  
  35  3:32  Pylon  
  35  3:44  Stalker x2  
  35  3:46  Shield Battery  
  39  3:53  Phoenix (Chrono Boost)  
  39  4:07  Stalker x2  
  43  4:11  Probe  
  44  4:23  Probe (Chrono Boost)  
  45  4:27  Probe (Chrono Boost)  
  46  4:40  Twilight Council  
  46  4:43  Probe  
  46  4:45  Probe  
  46  4:55  Probe  
  46  4:56  Pylon  
  46  4:57  Probe  
  48  5:05  Forge  
  48  5:07  Probe  
  48  5:09  Probe  
  50  5:20  Probe (Chrono Boost)  
  51  5:22  Probe (Chrono Boost), Dark Shrine  
  52  5:31  Shield Battery  
  52  5:32  Probe (Chrono Boost)  
  52  5:33  Probe (Chrono Boost)  
  52  5:35  Blink (Chrono Boost)  
  54  5:37  Probe (Chrono Boost)  
  54  5:38  Probe (Chrono Boost)  
  56  5:43  Protoss Ground Weapons Level 1 (Chrono Boost)  
  56  5:46  Assimilator, Probe  
  56  5:48  Probe  
  58  6:00  Probe  
  58  6:02  Gateway  
  58  6:03  Probe  
  58  6:04  Pylon  
  60  6:05  Gateway  
  60  6:07  Assimilator  
  60  6:10  Pylon  
  60  6:13  Probe  
  60  6:17  Probe  
  62  6:20  Robotics Facility  
  62  6:25  Probe  
  63  6:30  Probe  
  64  6:36  Dark Templar x2  
  68  6:44  Nexus  
  68  6:53  Probe  
  69  6:54  Shield Battery  
  69  6:57  Dark Templar  
  69  7:00  Dark Templar  
  73  7:06  Probe x2  
  73  7:18  Probe  
  73  7:20  Probe  
  73  7:22  Immortal  
  77  7:30  Probe  
  77  7:32  Probe  
  77  7:33  Gateway  
  77  7:34  Gateway  
  79  7:41  Sentry  
  79  7:42  Gateway, Probe, Sentry x2  
  79  7:43  Gateway  
  86  7:52  Pylon  
  86  7:53  Shield Battery  
  86  7:55  Probe x2  
  86  7:56  Probe  
  89  8:01  Observer  
  89  8:04  Archon  
  89  8:07  Stalker x2  
  89  8:08  Stalker, Probe x2  
  89  8:10  Probe  
  98  8:17  Protoss Ground Weapons Level 2 (Chrono Boost)  
  98  8:20  Probe x2  
  98  8:25  Pylon  
  98  8:26  Pylon  
  100  8:31  Pylon  
  100  8:33  Pylon  
  100  8:34  Pylon  
  97  8:41  Stalker x3, Pylon  
  95  8:42  Pylon  
  95  8:44  Probe  
  95  8:46  Assimilator  
  100  8:49  Assimilator  
  100  8:55  Charge  
  100  8:56  Probe  
  100  8:59  Pylon  
  101  9:03  Pylon  
  101  9:04  Probe  
  101  9:06  Pylon  
  102  9:10  Dark Templar x2  
  102  9:12  Probe  
  102  9:15  Archon  
  107  9:17  Robotics Bay  
  107  9:19  Immortal  
  107  9:21  Stalker x2  
  115  9:26  Pylon, Probe  
  116  9:34  Pylon  
  116  9:42  Nexus  
  116  9:48  Stalker, Dark Templar x2  
  116  9:49  Stalker x2  
  126  9:52  Archon  
  126  9:53  Stalker  
  127  10:03  Stalker x2  
  131  10:09  Immortal (Chrono Boost)  
  131  10:12  Probe  
  131  10:13  Robotics Facility  
  136  10:23  Photon Cannon  
  136  10:30  Zealot x6  
  136  10:33  Probe  
  149  10:39  Disruptor (Chrono Boost)  
  149  10:42  Probe  
  151  10:50  Dark Templar x2  
  151  10:54  Archon, Protoss Ground Weapons Level 3 (Chrono Boost)  
  155  11:04  Disruptor (Chrono Boost)  
  155  11:08  Nexus  
  155  11:09  Pylon  
  157  11:12  Disruptor (Chrono Boost)  
  160  11:20  Probe  
  160  11:22  Probe  
  160  11:23  Probe  
  159  11:29  Zealot  
  159  11:30  Zealot x4  
  160  11:32  Disruptor (Chrono Boost)  
  160  11:33  Disruptor (Chrono Boost)  
  160  11:35  Zealot x2  
  147  11:46  Probe  
  147  11:48  Pylon  
  147  11:52  Observer, Probe  
  147  11:53  Pylon  
  148  11:59  Stalker x6  
  160  12:02  Probe x2  
  160  12:03  Gravitic Boosters  
  160  12:05  Probe  
  160  12:08  Disruptor (Chrono Boost)  
  167  12:20  Observer (Chrono Boost), Shield Battery  
  167  12:22  Shield Battery, Probe  
  168  12:24  Probe x3  
  168  12:25  Shield Battery  
  168  12:28  Photon Cannon  
  171  12:30  Zealot  
  171  12:32  Observer  
  167  12:46  Probe x2  
  167  12:49  Probe  
  167  12:50  Assimilator  
  170  12:53  Zealot x7  
  170  12:54  Zealot  
  170  12:55  Assimilator  
  170  12:57  Probe  
  187  13:00  Disruptor (Chrono Boost)  
  187  13:03  Disruptor (Chrono Boost)  
  181  13:12  Probe  
  181  13:17  Shadow Stride (Chrono Boost)  
  181  13:19  Nexus  
  179  13:21  Pylon  
  179  13:24  Probe x2  
  179  13:26  Zealot x2  
  179  13:27  Zealot x6  
  195  13:42  Photon Cannon  
  195  13:43  Probe x2  
  195  13:44  Photon Cannon  
  195  13:45  Photon Cannon, Disruptor  
  195  13:47  Photon Cannon  
  187  13:49  Shield Battery  
  187  13:55  Zealot x5  
  182  13:58  Dark Templar  
  182  14:02  Dark Templar  
  158  14:05  Dark Templar  
  145  14:16  Probe  
  146  14:18  Disruptor (Chrono Boost)  
  146  14:19  Disruptor (Chrono Boost)  
  152  14:30  Pylon  
  152  14:33  Shield Battery, Probe x4  
  152  14:36  Photon Cannon  
  152  14:37  Photon Cannon  
  156  14:39  Photon Cannon  
  156  14:44  Templar Archives  
  156  14:55  Dark Templar x6  
  156  14:56  Dark Templar  
Tags
 
Add a new tag
Caveats
  • Supply blocks, unpowered buildings, or Contaminate may cause inaccurate times.
  • Supply counts are checked every 10 seconds.